 Dungeon Crawl Stone Soup version 0.29-a0-817-g9904bce7a6 (webtiles) character file.

Game seed: 1566553700989226360

5 xian the Sneak (level 1, 0/18 HPs)
             Began as a Demonspawn Delver on July 5, 2022.
             Slain by a necrophage (2 damage)
             ... on level 5 of the Dungeon.
             The game lasted 00:00:57 (125 turns).

xian the Sneak (Demonspawn Delver)                   Turns: 125, Time: 00:00:57

Health: 0/18       AC:  3    Str: 12    XL:     1   Next: 66%
Magic:  1/1        EV: 11    Int: 11    God:
Gold:   0          SH:  0    Dex: 14    Spells: 0/0 levels left

rFire   . . .      SeeInvis .   a - +0 falchion
rCold   . . .      Faith    .   (no shield)
rNeg    . . .      Spirit   .   b - +0 leather armour
rPois   .          Reflect  .   (no helmet)
rElec   .          Harm     .   (no cloak)
rCorr   .          Rampage  .   (no gloves)
Will    .....                   (no boots)
Stlth   +++.......              (no amulet)
HPRegen 0.06/turn               (no ring)
MPRegen 0.07/turn               (no ring)

@: lethally poisoned (0 -> -5)
A: no striking features
a: no special abilities


You were on level 5 of the Dungeon.
You visited 1 branch of the dungeon, and saw 1 of its levels.

Inventory:

Hand Weapons
 a - a +0 falchion (weapon)
Armour
 b - a +0 leather armour (worn)
Wands
 g - a wand of digging (3)
Scrolls
 c - 2 scrolls of fog
 d - a scroll of magic mapping
 e - a scroll of fear
 h - a scroll of immolation {unknown}
 i - a scroll of teleportation {unknown}
Potions
 f - a potion of haste


   Skills:
 + Level 3.0 Fighting
 + Level 1.7 Long Blades
 + Level 1.7 Dodging
 + Level 4.8 Stealth


You couldn't memorise any spells.
You didn't know any spells.
Your spell library was empty.

Dungeon Overview and Level Annotations

Branches:
Dungeon (5/15)
 Temple: D:4-7

Altars:


Message History

An ufetubus comes into view.
h - a scroll labelled GIAPTUOFFEORR
Found 7 stones.
You see here 7 stones.
You open the door.
A necrophage comes into view.
Found a scroll labelled RUCWOBR KOODGH.
i - a scroll labelled RUCWOBR KOODGH
Found 10 gold pieces.
You see here 10 gold pieces.
An adder comes into view.
The adder closely misses you. The adder misses you. The adder bites you.
You are poisoned.
The adder poisons you!
You feel sick. The adder closely misses you.
There is an open door here.
You feel sick.
You feel sick. The adder bites you.
You feel sick.
You feel sick.
You are no longer poisoned.
You open the door. The adder bites you.
Found a scroll of fog.
The adder closely misses you.
There is an open door here.
The adder closely misses you. The adder attacks as you move away!
The adder barely misses you.
You see here a scroll of fog.
c - 2 scrolls of fog (gained 1)
The adder bites you.
You are lethally poisoned!
The adder poisons you! The adder bites you.
* * * LOW HITPOINT WARNING * * *
Okay, then.
* * * LOW HITPOINT WARNING * * *
You feel sick. The adder closely misses you.
* * * LOW HITPOINT WARNING * * *
You feel sick. The necrophage hits you.
You die...

.....#..# #..#.....#
##.# #..# #..#......
#.#.#..###..#...#.#
#. .........#...#.#
#. #..........###.#
##.##......#.......#
#..........###.#####
+.......#...........
#..@....##...#.#####
#..Sn...'....'......
#.......##...#######
#.......+.....$.....
#.......###.########
#.......# #.#
######### #.# #.#
#.#


You could see a necrophage and an adder.

Vanquished Creatures
  An ufetubus (D:5)
1 creature vanquished.

Notes
Turn   | Place    | Note
-------+----------+-------------------------------------------
     0 | D:5      | xian the Demonspawn Delver began the quest for the Orb.
     0 | D:5      | Reached XP level 1. HP: 18/18 MP: 1/1
    70 | D:5      | Noticed a necrophage
   125 | D:5      | Slain by a necrophage

Illustrated notes

Levels and vault maps discovered:
D:5:      layout_basic, minmay_misc_feat_rugged

Action                   || total
-------------------------++-------
Melee: Falchion          ||     2
Armor: Leather armour    ||     3
Dodge: Dodged            ||     8

Table legend: (Time is in decaauts)
 A = Elapsed time spent in this place.
 B = Non-inter-level travel time spent in this place.
 C = Inter-level travel time spent in this place.
 D = Time resting spent in this place.
 E = Time spent auto-exploring this place.
 F = Levels seen in this place.
 G = Mean time per level.
                   A        B        C        D        E       F      G
               +--------+--------+--------+--------+--------+-----+--------+
         Total |    125 |    125 |      0 |      0 |     41 |   1 |  125.0 |
       Dungeon |    125 |    125 |      0 |      0 |     41 |   1 |  125.0 |
               +--------+--------+--------+--------+--------+-----+--------+

Top non-repeatable levels by time:
     D:5: 125 daAuts
